 Dungeon Sprint DCSS version 0.30-a0-939-gc8157cb160 (webtiles) character file.

Game seed: 6918419786221407221

8000000 fozzywoppz the Champion of Chaos (level 27, -48/249 HPs)
             Began as a Gnoll Warper on Mar 25, 2023.
             Was the Champion of Makhleb.
             Annihilated by a meat berserker
             ... wielding a +9 battleaxe
              (95 damage)
             ... in the Dungeon (Sprint VIII: "Arena of Blood").
             The game lasted 00:04:54 (80 turns).

fozzywoppz the Champion of Chaos (Gnoll Warper)       Turns: 80, Time: 00:04:54

Health: -48/249    AC:  6    Str: 21    XL:     27
Magic:  26/54      EV: 27    Int: 13    God:    Makhleb [******]
Gold:   0          SH:  0    Dex: 15    Spells: 80/80 levels left

rFire   . . .      SeeInvis .    j - +∞ Axe of Woe
rCold   . . .      Faith    .    (shield currently unavailable)
rNeg    . . .      Spirit   .    b - +0 leather armour
rPois   .          Reflect  .    (no helmet)
rElec   .          Rampage  .    (no cloak)
rCorr   .          NoTele   +    (no gloves)
Will    ++...                    (no boots)
Stlth   +++++++++                (no amulet)
HPRegen 0.61/turn                a - +30 ring of slaying
MPRegen 0.34/turn                k - +30 ring of slaying

@: no status effects
A: fangs 1, strong nose, distributed training
a: Renounce Religion, Minor Destruction, Lesser Servant of Makhleb, Major
Destruction, Greater Servant of Makhleb


You were in the Dungeon.
You worshipped Makhleb.
Makhleb was exalted by your worship.
You visited 1 branch

Inventory:

Hand Weapons
 j - the +∞ Axe of Woe (weapon)
   (You found it in the Dungeon)
Missiles
 d - 7 boomerangs of dispersal (quivered)
Armour
 b - a +0 leather armour (worn)
Jewellery
 a - a +30 ring of slaying (left hand)
 k - a +30 ring of slaying (right hand)
Potions
 g - a potion of haste
 h - 2 potions of magic
 i - a potion of berserk rage


   Skills:
 O Level 27 Fighting
 O Level 27 Short Blades
 O Level 27 Long Blades
 O Level 27 Axes
 O Level 27 Maces & Flails
 O Level 27 Polearms
 O Level 27 Staves
 O Level 27 Ranged Weapons
 O Level 27 Throwing
 O Level 27 Armour
 O Level 27 Dodging
 O Level 27 Stealth
 O Level 27 Shields
 O Level 27 Unarmed Combat
 O Level 27 Spellcasting
 O Level 27 Conjurations
 O Level 27 Hexes
 O Level 27 Summonings
 O Level 27 Necromancy
 O Level 27 Translocations
 O Level 27 Transmutations
 O Level 27 Fire Magic
 O Level 27 Ice Magic
 O Level 27 Air Magic
 O Level 27 Earth Magic
 O Level 27 Poison Magic
 O Level 27 Invocations
 O Level 27 Evocations


You had 80 spell levels left.
You didn't know any spells.
Your spell library contained the following spells:

 Spells                   Type           Power      Damage    Failure   Level
 Blink                    Tloc           100%       N/A       0%          2
 Lesser Beckoning         Tloc           100%       N/A       0%          2
 Teleport Other           Tloc           73%        N/A       0%          3
 Vhi's Electric Charge    Tloc/Air       100%       N/A       0%          3
 Manifold Assault         Tloc           73%        N/A       0%          4


Dungeon Overview and Level Annotations

Branches:
Dungeon (1/1)

Altars:
Makhleb


Innate Abilities, Weirdness & Mutations

You have very sharp teeth.
Your uncanny sense of smell can sniff out nearby items.
Your experience applies equally to all skills.


Message History

The bag of meat convulses!
The large bag of meat convulses!
Flame seeps out of the large bag of meat.
The bag of meat convulses! x3; The meat berserker convulses!
Your body is wracked with pain!
The bag of meat convulses!
The accursed casts a spell at you. Something smites you!
The dread calls on the powers of darkness!
The meat berserker convulses!
The bag of meat convulses! x2
The large bag of meat convulses!
Flame seeps out of the large bag of meat.
The bag of meat convulses! x3; The meat berserker convulses! x2
Your body is wracked with pain!
* * * LOW HITPOINT WARNING * * *
The bag of meat convulses!
The meat berserker convulses! x5
The bag of meat convulses! x3; The large bag of meat convulses!
Flame seeps out of the large bag of meat.
The bag of meat convulses! x3; The meat berserker convulses!
The bag of meat convulses! x3; The meat berserker convulses!
The bag of meat convulses! x2
You hear a shout! x2
You feel better.
You hear a shout!
A meat beast comes into view.
You hear a shout! x3
The tyrant is engulfed in blazing flames.
You hear a shout!
The destroyer points at you and mumbles some strange words.
The destroyer blinks!
You hear a shout!
The bag of meat is engulfed in blazing flames.
A bag of meat comes into view. It is wielding a +9 war axe. x3
The large bag of meat is engulfed in blazing flames.
An accursed comes into view.
The accursed casts a spell at you. Something smites you!
* * * LOW HITPOINT WARNING * * *
The meat berserker rages.
The large bag of meat is engulfed in blazing flames.
The meat berserker hits you with a +9 battleaxe!!!!
You die... oo.........O. o..°..o§.... .... o.°.L...... .... o...§§.... .zoV. #.o.oX§.# ..{oVM .#. #)W)§.§.# oo.o.M .X...###)zo.W).###○o.O..
XX...XXo))###oOO.Oo.ooo.

..#...X))X§W..)o@OoOo.°o
#..W..z.#...§)#)))oOVL#.
........#_.<)_#V)§OWo...
#.......#X...X#.)O...#.#
..#........_....V.OOO...
..........###.....o..o#.
....###.......###2..oM.
#.......# ..Woo.
#.......# .....


You could see 3 accurseds, a tentacled monstrosity (summoned), a meat beast
(fast), 2 tyrants, 5 destroyers, 2 sculptors of flesh, 2 large bags of meat, 2
large abominations, 5 dreads, 10 meat berserkers and 26 bags of meat.

Vanquished Creatures
  A hell beast (D)
  A royal mummy (D)
  2 wraiths (D)
  8 vampire knights (D)
  31 ogres (D)
  6 two-headed ogres (D)
  3 liches (D)
  A hydra (D)
  47 orcs (D)
  6 skeletal warriors (D)
106 creatures vanquished.

Vanquished Creatures (collateral kills)
  An orc (D)
1 creature vanquished.

Vanquished Creatures (others)
  A two-headed ogre (D)
  2 orcs (D)
3 creatures vanquished.

Grand Total: 110 creatures vanquished

Notes
Turn   | Place    | Note
-------+----------+-------------------------------------------
     0 | D        | Found the +∞ Axe of Woe
     0 | D        | fozzywoppz the Gnoll Warper began the quest for the Orb.
     0 | D        | Reached XP level 1. HP: 20/20 MP: 6/6
     2 | D        | Noticed a bag of meat
     3 | D        | Noticed a bag of meat
     3 | D        | Noticed a bag of meat
     4 | D        | Killed a bag of meat
     4 | D        | Noticed a bag of meat
     4 | D        | Noticed a bag of meat
     5 | D        | Reached skill level 10 in Short Blades
     5 | D        | Reached skill level 10 in Long Blades
     5 | D        | Reached skill level 10 in Maces & Flails
     5 | D        | Reached skill level 10 in Polearms
     5 | D        | Reached skill level 10 in Staves
     5 | D        | Reached skill level 10 in Ranged Weapons
     5 | D        | Reached skill level 10 in Throwing
     5 | D        | Reached skill level 10 in Armour
     5 | D        | Reached skill level 10 in Stealth
     5 | D        | Reached skill level 10 in Shields
     5 | D        | Reached skill level 10 in Unarmed Combat
     5 | D        | Reached skill level 10 in Translocations
     5 | D        | Reached skill level 10 in Evocations
     5 | D        | Reached XP level 2. HP: 37/37 MP: 7/14
     5 | D        | Reached XP level 3. HP: 43/43 MP: 7/15
     5 | D        | Reached XP level 4. HP: 50/50 MP: 7/17
     5 | D        | Reached XP level 5. HP: 55/55 MP: 7/18
     5 | D        | Reached XP level 6. HP: 62/62 MP: 7/20
     5 | D        | Reached XP level 7. HP: 68/68 MP: 7/21
     5 | D        | Reached XP level 8. HP: 75/75 MP: 7/23
     5 | D        | Reached XP level 9. HP: 81/81 MP: 7/24
     5 | D        | Reached XP level 10. HP: 87/87 MP: 7/25
     5 | D        | Reached XP level 11. HP: 93/93 MP: 7/26
     5 | D        | Noticed a bag of meat
     6 | D        | Became a worshipper of Makhleb the Destroyer
     7 | D        | Noticed a meat berserker
     7 | D        | Killed a meat berserker
     7 | D        | Noticed a meat berserker
     8 | D        | Reached skill level 10 in Conjurations
     8 | D        | Reached skill level 10 in Hexes
     8 | D        | Reached skill level 10 in Summonings
     8 | D        | Reached skill level 10 in Necromancy
     8 | D        | Reached skill level 10 in Transmutations
     8 | D        | Reached skill level 10 in Fire Magic
     8 | D        | Reached skill level 10 in Ice Magic
     8 | D        | Reached skill level 10 in Air Magic
     8 | D        | Reached skill level 10 in Earth Magic
     8 | D        | Reached skill level 10 in Poison Magic
     8 | D        | Reached XP level 12. HP: 105/105 MP: 7/29
     8 | D        | Killed a bag of meat
     8 | D        | Reached * piety under Makhleb
     9 | D        | Reached XP level 13. HP: 113/113 MP: 7/31
     9 | D        | Killed a bag of meat
    10 | D        | Reached skill level 15 in Spellcasting
    10 | D        | Reached skill level 15 in Invocations
    10 | D        | Noticed a bag of meat
    10 | D        | Killed a meat berserker
    11 | D        | Reached skill level 15 in Short Blades
    11 | D        | Reached skill level 15 in Long Blades
    11 | D        | Reached skill level 15 in Maces & Flails
    11 | D        | Reached skill level 15 in Polearms
    11 | D        | Reached skill level 15 in Staves
    11 | D        | Reached skill level 15 in Ranged Weapons
    11 | D        | Reached skill level 15 in Throwing
    11 | D        | Reached skill level 15 in Armour
    11 | D        | Reached skill level 15 in Stealth
    11 | D        | Reached skill level 15 in Shields
    11 | D        | Reached skill level 15 in Unarmed Combat
    11 | D        | Reached skill level 15 in Evocations
    11 | D        | Reached XP level 14. HP: 76/125 MP: 8/34
    11 | D        | Killed a bag of meat
    11 | D        | Reached ** piety under Makhleb
    13 | D        | Killed a bag of meat
    14 | D        | Reached XP level 15. HP: 99/133 MP: 9/36
    14 | D        | Noticed a meat berserker
    18 | D        | Noticed a meat berserker
    18 | D        | Noticed a destroyer
    18 | D        | Killed a meat berserker
    18 | D        | Reached *** piety under Makhleb
    19 | D        | Reached skill level 15 in Conjurations
    19 | D        | Reached skill level 15 in Hexes
    19 | D        | Reached skill level 15 in Summonings
    19 | D        | Reached skill level 15 in Necromancy
    19 | D        | Reached skill level 15 in Translocations
    19 | D        | Reached skill level 15 in Transmutations
    19 | D        | Reached skill level 15 in Fire Magic
    19 | D        | Reached skill level 15 in Ice Magic
    19 | D        | Reached skill level 15 in Air Magic
    19 | D        | Reached skill level 15 in Earth Magic
    19 | D        | Reached skill level 15 in Poison Magic
    19 | D        | Killed a destroyer
    19 | D        | Noticed a destroyer
    20 | D        | Reached XP level 16. HP: 143/146 MP: 10/39
    20 | D        | Noticed a meat berserker
    21 | D        | Killed a meat berserker
    21 | D        | Noticed a meat berserker
    21 | D        | Noticed a meat berserker
    22 | D        | Noticed a meat berserker
    22 | D        | Noticed a meat berserker
    25 | D        | Noticed a large bag of meat
    25 | D        | Killed a destroyer
    25 | D        | Reached **** piety under Makhleb
    26 | D        | Reached XP level 17. HP: 158/158 MP: 12/42
    26 | D        | Noticed a large bag of meat
    26 | D        | Noticed a meat berserker
    26 | D        | Noticed a meat berserker
    27 | D        | Killed a meat berserker
    28 | D        | Noticed a meat berserker
    29 | D        | Noticed a meat berserker
    29 | D        | Noticed a large bag of meat
    29 | D        | Noticed a meat berserker
    29 | D        | Noticed a large bag of meat
    29 | D        | Noticed a destroyer
    29 | D        | Noticed an eight-headed meat hydra
    29 | D        | Noticed a meat berserker
    31 | D        | Killed a destroyer
    32 | D        | Reached XP level 18. HP: 65/169 MP: 13/44
    32 | D        | Killed a meat berserker
    32 | D        | Reached ***** piety under Makhleb
    33 | D        | Killed a large bag of meat
    33 | D        | Killed a nine-headed meat hydra
    33 | D        | Killed a meat berserker
    34 | D        | Killed a meat berserker
    35 | D        | Noticed a sculptor of flesh
    35 | D        | Killed a meat berserker
    35 | D        | Reached ****** piety under Makhleb
    35 | D        | Killed a meat berserker
    35 | D        | Noticed a sculptor of flesh
    36 | D        | Reached XP level 19. HP: 182/182 MP: 14/47
    36 | D        | Killed a meat berserker
    37 | D        | Noticed a destroyer
    37 | D        | Killed a large bag of meat
    37 | D        | Killed a large bag of meat
    37 | D        | Killed a meat berserker
    37 | D        | Noticed a destroyer
    37 | D        | Noticed a destroyer
    38 | D        | Reached skill level 27 in Invocations
    38 | D        | Killed a meat berserker
    39 | D        | Reached XP level 20. HP: 175/196 MP: 15/50
    40 | D        | Killed a large bag of meat
    41 | D        | Reached skill level 27 in Fighting
    41 | D        | Reached skill level 27 in Short Blades
    41 | D        | Reached skill level 27 in Long Blades
    41 | D        | Reached skill level 27 in Axes
    41 | D        | Reached skill level 27 in Maces & Flails
    41 | D        | Reached skill level 27 in Polearms
    41 | D        | Reached skill level 27 in Staves
    41 | D        | Reached skill level 27 in Ranged Weapons
    41 | D        | Reached skill level 27 in Throwing
    41 | D        | Reached skill level 27 in Armour
    41 | D        | Reached skill level 27 in Dodging
    41 | D        | Reached skill level 27 in Stealth
    41 | D        | Reached skill level 27 in Shields
    41 | D        | Reached skill level 27 in Unarmed Combat
    41 | D        | Reached skill level 27 in Spellcasting
    41 | D        | Reached skill level 27 in Evocations
    42 | D        | Noticed a large bag of meat
    43 | D        | Killed a meat berserker
    43 | D        | Killed a destroyer
    43 | D        | Noticed a destroyer
    44 | D        | Reached skill level 27 in Conjurations
    44 | D        | Reached skill level 27 in Hexes
    44 | D        | Reached skill level 27 in Summonings
    44 | D        | Reached skill level 27 in Necromancy
    44 | D        | Reached skill level 27 in Translocations
    44 | D        | Reached skill level 27 in Transmutations
    44 | D        | Reached skill level 27 in Fire Magic
    44 | D        | Reached skill level 27 in Ice Magic
    44 | D        | Reached skill level 27 in Air Magic
    44 | D        | Reached skill level 27 in Earth Magic
    44 | D        | Reached skill level 27 in Poison Magic
    44 | D        | Reached XP level 21. HP: 188/204 MP: 16/52
    44 | D        | Noticed a meat berserker
    44 | D        | Noticed a meat berserker
    46 | D        | Killed a destroyer
    47 | D        | Killed a destroyer
    47 | D        | Noticed a meat berserker
    48 | D        | Reached XP level 22. HP: 194/212 MP: 17/53
    48 | D        | Noticed an accursed
    50 | D        | Killed a destroyer
    50 | D        | Noticed a large bag of meat
    51 | D        | Killed a large bag of meat
    51 | D        | Killed an accursed
    52 | D        | Reached XP level 23. HP: 144/219 MP: 18/54
    54 | D        | Noticed a tyrant
    58 | D        | Reached XP level 24. HP: 214/227 MP: 19/54
    60 | D        | Noticed a meat beast
    60 | D        | Killed a large bag of meat
    60 | D        | Noticed a tyrant
    62 | D        | Noticed a dread
    63 | D        | Killed a meat beast
    64 | D        | Reached XP level 25. HP: 153/234 MP: 21/54
    64 | D        | Noticed a tyrant
    66 | D        | Noticed a large bag of meat
    66 | D        | Noticed a dread
    69 | D        | Reached XP level 26. HP: 130/242 MP: 23/54
    71 | D        | Killed a tyrant
    71 | D        | Noticed a dread
    72 | D        | Noticed a destroyer
    73 | D        | Noticed a dread
    73 | D        | Noticed a dread
    73 | D        | Noticed a tyrant
    73 | D        | Noticed a dread
    73 | D        | Noticed a destroyer
    73 | D        | Noticed a large bag of meat
    73 | D        | Noticed an accursed
    73 | D        | Noticed a large bag of meat
    73 | D        | Noticed a destroyer
    74 | D        | Noticed a destroyer
    74 | D        | Noticed a destroyer
    76 | D        | Killed a tyrant
    76 | D        | Noticed a tyrant
    77 | D        | Noticed an accursed
    77 | D        | Noticed a destroyer
    78 | D        | Killed a dread
    78 | D        | Killed a dread
    78 | D        | Killed a tyrant
    78 | D        | Noticed a dread
    78 | D        | Noticed a destroyer
    78 | D        | Killed a large bag of meat
    79 | D        | Reached XP level 27. HP: 125/249 MP: 25/54
    79 | D        | Killed a destroyer
    80 | D        | Noticed a meat beast
    80 | D        | Noticed an accursed
    80 | D        | Annihilated by a meat berserker

Illustrated notes

Levels and vault maps discovered:
D:        meatsprint

Skill      XL: |  1  2  3  4  5  6  7  8  9 10 11 12 13 14 15 16 17 18 19 20 |
---------------+-------------------------------------------------------------+-----
Fighting       | 11 13 14 16 19 21 22 24 26 27 | 27.0
Short Blades   | 10 12 13 15 16 18 20 22 24 26 27 | 27.0
Long Blades    | 10 12 13 15 16 18 20 22 24 26 27 | 27.0
Axes           | 11 13 14 16 19 21 22 24 26 27 | 27.0
Maces & Flails | 10 12 13 15 16 18 20 22 24 26 27 | 27.0
Polearms       | 10 12 13 15 16 18 20 22 24 26 27 | 27.0
Staves         | 10 12 13 15 16 18 20 22 24 26 27 | 27.0
Ranged Weapons | 10 12 13 15 16 18 20 22 24 26 27 | 27.0
Throwing       | 10 12 13 15 16 18 20 22 24 26 27 | 27.0
Armour         | 10 12 13 15 16 18 20 22 24 26 27 | 27.0
Dodging        | 11 13 14 16 19 21 22 24 26 27 | 27.0
Stealth        | 10 12 13 15 16 18 20 22 24 26 27 | 27.0
Shields        | 10 12 13 15 16 18 20 22 24 26 27 | 27.0
Unarmed Combat | 10 12 13 15 16 18 20 22 24 26 27 | 27.0
Spellcasting   | 11 13 14 16 17 19 21 22 24 26 27 | 27.0
Conjurations   | 8 10 11 13 16 17 19 21 22 27 | 27.0
Hexes          | 8 10 11 13 16 17 19 21 22 27 | 27.0
Summonings     | 8 10 11 13 16 17 19 21 22 27 | 27.0
Necromancy     | 8 10 11 13 16 17 19 21 22 27 | 27.0
Translocations | 10 12 14 16 18 19 21 23 27 | 27.0
Transmutations | 8 10 11 13 16 17 19 21 22 27 | 27.0
Fire Magic     | 8 10 11 13 16 17 19 21 22 27 | 27.0
Ice Magic      | 8 10 11 13 16 17 19 21 22 27 | 27.0
Air Magic      | 8 10 11 13 16 17 19 21 22 27 | 27.0
Earth Magic    | 8 10 11 13 16 17 19 21 22 27 | 27.0
Poison Magic   | 8 10 11 13 16 17 19 21 22 27 | 27.0
Invocations    | 11 13 14 16 17 20 22 23 26 27 | 27.0
Evocations     | 10 12 13 15 16 18 20 22 24 26 27 | 27.0

Action                     |  1- 3 |  4- 6 |  7- 9 | 10-12 | 13-15 | 16-18 | 19-21 | 22-24 | 25-27 || total
---------------------------+-------+-------+-------+-------+-------+-------+-------+-------+-------++-------
  Melee: Executioner's axe |     1 |       |       |     2 |     6 |     8 |    10 |    11 |    12 ||    50
 Invoke: Greater Servant o |       |       |       |       |       |       |       |       |     1 ||     1
    Use: Scroll            |       |       |       |       |       |     1 |       |       |     1 ||     2
         Potion            |       |       |       |       |       |     1 |       |       |     1 ||     2
 Armour: Leather armour    |       |       |       |       |       |       |       |       |     1 ||     1
  Dodge: Dodged            |       |       |       |       |       |     1 |       |       |       ||     1

Table legend: (Time is in decaauts)
 A = Elapsed time spent in this place.
 B = Non-inter-level travel time spent in this place.
 C = Inter-level travel time spent in this place.
 D = Time resting spent in this place.
 E = Time spent auto-exploring this place.
 F = Levels seen in this place.
 G = Mean time per level.
                   A        B        C        D        E       F      G
               +--------+--------+--------+--------+--------+-----+--------+
         Total |     68 |     68 |      0 |      0 |      0 |   1 |   68.0 |
       Dungeon |     68 |     68 |      0 |      0 |      0 |   1 |   68.0 |
               +--------+--------+--------+--------+--------+-----+--------+

Top non-repeatable levels by time:
       D: 68 daAuts
